[Event "Julius Baer Generation Cup Prelims 2022"]
[Site "Online"]
[Date "2022.09.14"]
[Round "6.4"]
[White "Aronian, Levon"]
[Black "Erigaisi Arjun"]
[Result "0-1"]
[ECO "A28"]
[WhiteElo "2759"]
[BlackElo "2725"]
[Annotator "TA"]
[PlyCount "106"]
[EventDate "2022.09.12"]
[EventType "tourn"]
[EventCountry "NET"]
[SourceTitle "playchess.com"]
[Source "ChessBase"]
[SourceQuality "1"]
[TimeControl "900+10"]

1. c4 Nf6 2. Nc3 e5 3. Nf3 Nc6 4. e4 Bb4 5. d3 d6 6. Be2 {[%emt 0:00:01] A28: English Opening: Four Knights Variation.} O-O 7. O-O h6 {[%emt 0:00:47] seems to push 7...Bc5 aside.} 8. Be3 {[%emt 0:03:02] The position is equal.} Bg4 {[%emt 0:00:36] [#]} 9. Na4 $146 ({Predecessor:} 9. Ne1 Bxe2 10. Qxe2 Qd7 11. Nc2 Ba5 12. b4 Nxb4 13. Nxb4 Bxb4 14. Nd5 Nxd5 15. cxd5 {0-1 (36) Sekova,O (1000)-Sosovickova,M (1124) Liptovsky Mikulas 2017}) 9... Nd7 10. h3 (10. a3 $5 Bc5 11. b4 Bxe3 12. fxe3 $11) 10... Bxf3 11. Bxf3 Bc5 12. Nxc5 dxc5 13. g3 Nd4 14. Bg2 c6 15. f4 exf4 16. gxf4 f5 17. Kh1 a5 18. b3 Rf7 19. Rb1 Nf8 20. Qh5 (20. Bxd4 $11 {keeps the balance.} Qxd4 21. exf5) 20... g6 ({Black should try} 20... a4 $17) 21. Qd1 Nfe6 22. Rb2 Kh7 23. Qe1 Qd6 24. a4 (24. h4 $11) 24... b6 {[%emt 0:01:25] Black is more active.} 25. Qg3 Rg8 26. h4 Rgg7 27. Bh3 Kg8 28. Bc1 {[%emt 0:03:07] [#] Black keeps a firm grip on the game.} ({White should play} 28. Qh2) 28... g5 $1 $17 {[%emt 0:01:07] And now ...fxe4 would win.} 29. hxg5 (29. exf5 $17 {keeps fighting.} gxf4 30. Qh2 Nxf5 31. Bxf5 Rxf5 32. Qh3) 29... hxg5 $19 {[%emt 0:00:01][%cal Bh6g5,Bg5g4,Bg4g3][%mdl 32] ...g4 is the strong threat.} 30. Rh2 $2 (30. e5 Qe7 31. fxg5 Nxg5 32. e6 Ndxe6 33. Bxf5) 30... g4 31. Bg2 Ne2 {[%emt 0:00:53] Pair of Knights!} 32. Qe3 Nxc1 {[%emt 0:00:13] Chess con chili.} 33. Rxc1 (33. exf5 {was the only chance.} Nd4 34. Qxc1) 33... Qxf4 34. Qxf4 Nxf4 35. exf5 (35. Rf1 $142 Ne2 36. Rxf5 Ng3+ 37. Kg1 Nxf5 38. exf5) 35... g3 36. Rf1 gxh2 37. Rxf4 {[%emt 0:00:02][%mdl 4096] Endgame KRR-KRB} Rf6 38. Kxh2 Rg5 39. Bh3 (39. d4 $142 Rh6+ 40. Kg1) 39... Rh6 40. Rf3 Kf7 41. Rg3 Kf6 42. Re3 Rxf5 (42... Rgh5 $142 43. Re6+ Kg5) 43. Kg3 Rg6+ 44. Bg4 Rf1 {[%emt 0:00:19] [#] Threatens to win with ...Rg1+.} 45. Re6+ Kf7 {[%emt 0:00:01] ( -> ...Rxg4+)} 46. Re4 Rd6 47. Bh5+ Kf6 48. Be2 Rb1 49. Rf4+ Ke7 50. Rh4 Rf6 51. Bf3 Rxb3 52. Be4 Kd6 53. Rh8 Ke5 {[%emt 0:00:12] Weighted Error Value: White=0.51/Black=0.22 (precise)} 0-1

[Event "Julius Baer Generation Cup Prelims 2022"]
[Site "Online"]
[Date "2022.09.14"]
[Round "6.5"]
[White "Praggnanandhaa R"]
[Black "Keymer, Vincent"]
[Result "1-0"]
[ECO "C00"]
[WhiteElo "2676"]
[BlackElo "2693"]
[Annotator "TA"]
[PlyCount "183"]
[EventDate "2022.09.12"]
[EventType "tourn"]
[EventCountry "NET"]
[SourceTitle "playchess.com"]
[Source "ChessBase"]
[SourceQuality "1"]
[TimeControl "900+10"]

1. Nf3 d5 2. g3 c5 3. Bg2 Nf6 4. O-O e6 5. d3 Be7 6. Nbd2 Nc6 7. e4 O-O 8. e5 Nd7 9. Re1 Qc7 10. Qe2 b5 11. Nf1 Bb7 12. h4 Rfc8 13. Bf4 a5 14. h5 h6 15. N1h2 Qd8 16. Qd2 Nf8 17. Ng4 Nh7 $2 {[%emt 0:00:34] [#]} (17... Nd4 $1 $15 {keeps the upper hand.}) 18. c3 $2 ({Only move:} 18. Bxh6 $1 $16 gxh6 (18... Nd4 19. Bf4) 19. Nxh6+ Kg7 20. Qf4) 18... Bf8 19. Rec1 b4 20. a4 Rab8 21. d4 bxc3 22. bxc3 cxd4 23. cxd4 Ba6 24. Bf1 Bxf1 25. Kxf1 Nb4 26. Kg2 Qd7 27. Qd1 Be7 28. Bd2 Qd8 29. Rxc8 (29. Bxh6 gxh6 30. Nxh6+ Kg7 $17) 29... Rxc8 30. Rc1 Rc7 31. Bxb4 axb4 32. Rxc7 Qxc7 33. Nd2 Nf8 34. Nb3 Nd7 35. a5 {[%emt 0:00:19] Prevents Nb6.} Nb8 36. Ne3 Qc3 37. Qb1 Bg5 38. Nc2 Na6 (38... Bd8 $5 ) 39. Ne1 Be7 40. Nf3 Bd8 41. Qa2 Qc6 42. Ne1 Qc3 43. Nf3 Qc6 44. Nfd2 Kf8 45. Qb1 {[%emt 0:00:06] aiming for Qh7.} Bg5 46. f4 Be7 $1 47. Qh7 f5 48. exf6 Bxf6 49. Qd3 Ke7 50. Kh2 Kd8 51. Qe3 Kc8 52. Nf3 Kb7 (52... Qc2+ {is more complex.} 53. Kg1 Nc7 54. Ne5 Be7) 53. Nfd2 Ka7 54. Kg2 Ka8 55. Kf1 Nc7 56. Nc5 Qb5+ 57. Kg2 Qxa5 58. Nxe6 Nxe6 59. Qxe6 Bxd4 $11 {[%emt 0:00:12][%mdl 4096] Endgame KQB-KQN} 60. Kh3 {[%emt 0:00:12] Hoping for Nb3.} Qb5 61. Kg4 $1 b3 62. Qc8+ Ka7 63. Qc7+ Ka6 {[%emt 0:00:04] Strongly threatening ...Qe2+.} 64. Qd6+ $1 (64. Qc8+ $2 Ka5 65. Nf3 Bf6 $19) 64... Bb6 (64... Kb7 $5 65. Qe7+ $8 Kc6 66. Qe6+ Kc5 67. Qe7+ Kc6 68. Qe6+ Kb7 69. Qe7+ Kc8 70. Qf8+ Kd7 71. Qf7+ Kd8 72. Qf8+ Kd7 73. Qf7+ Kd8 74. Qf8+ Kd7 $11) 65. Qa3+ Kb7 66. Qxb3 Qe2+ 67. Nf3 Qe6+ 68. Kh4 Kc8 69. Qc3+ Bc7 70. Nd4 Qe7+ (70... Qd7 $11 {remains equal.}) 71. Kh3 (71. Kg4 $16) 71... Qe4 72. Nb5 Qc4 {[%emt 0:00:08] And now ...Qf1+ would win.} 73. Qb2 Qf1+ 74. Kh2 Bb6 75. Nd6+ Kc7 76. Ne8+ Kc6 {[%emt 0:00:06] ( -> ...Bg1+)} 77. Qc3+ Qc4 ({Don't do} 77... Kb5 78. Nd6+ Ka6 79. Qa3+ (79. Qc6 Qe2+ 80. Kh3 Qxh5+ 81. Kg2 Qe2+ 82. Kh3 Qh5+ 83. Kg2 Qe2+ 84. Kh3 Qh5+ $11) 79... Ba5 80. Qb2 $16) 78. Qf3 Qc2+ 79. Kh3 Bd4 80. Qg4 {[%emt 0:00:01] Inhibits Qf5. Qc8+ is the strong threat.} Kb5 (80... Qc3 $14) 81. Qd7+ $16 (81. Nxg7 $6 Qe4 82. Qd7+ Ka5 $11) 81... Kc4 (81... Kb4 $16 {was worth a try.}) 82. Nd6+ $18 ({Don't play} 82. Nxg7 $6 Qe2 $16) 82... Kd3 83. Qf5+ Kd2 {[%emt 0:00:02] Threatens to win with ...Qxf5+.} 84. Qxd5 Qd3 {[%emt 0:00:08] [#]} 85. Nf5 $2 (85. Nc4+ $1 $18 Kc3 86. Ne5) 85... Bf6 $1 $14 86. Qd6 Ke2 87. Qe6+ Kf1 $2 (87... Kf2 $11 {and Black is okay.}) 88. Ne3+ Kg1 $2 {[%emt 0:00:13] [#]} (88... Ke2 $18) 89. Qc6 $2 (89. Qa2 $1 {mates} Qf1+ 90. Nxf1 Kxf1 91. Kg4 g5 92. hxg6 Bb2 93. Qxb2 Ke1 94. Qc2 h5+ 95. Kf3 Kf1 96. Qf2#) 89... Qe2 $2 (89... Kf2 $18) 90. Qc1+ Kf2 91. Ng4+ Kf3 92. Qh1+ 1-0

[Event "Julius Baer Generation Cup Prelims 2022"]
[Site "Online"]
[Date "2022.09.14"]
[Round "6.7"]
[White "Ivanchuk, Vasyl"]
[Black "Yoo, Christopher Woojin"]
[Result "0-1"]
[ECO "C83"]
[WhiteElo "2678"]
[BlackElo "2563"]
[Annotator "TA"]
[PlyCount "54"]
[EventDate "2022.09.12"]
[EventType "tourn"]
[EventCountry "NET"]
[SourceTitle "playchess.com"]
[Source "ChessBase"]
[SourceQuality "1"]
[TimeControl "900+10"]

1. e4 e5 2. Nf3 Nc6 3. Bb5 a6 4. Ba4 Nf6 5. O-O Nxe4 6. d4 b5 7. Bb3 d5 8. dxe5 Be6 9. Be3 Be7 10. c3 Qd7 {[%emt 0:00:14] BESTDEEP} 11. Nbd2 {[%emt 0:00:12] C83: Open Ruy Lopez: 9 c3 Be7.} Nxd2 {[%emt 0:00:05] BESTDEEP} 12. Qxd2 {[%emt 0:03:59] RECAPT 7 (Be3xd2) (=4)} Na5 {[%emt 0:00:07] CPLX 2.3 18 (0-0) (=6)} 13. Bg5 {[%emt 0:00:27] CPLX 2.3 24 (Rf1-d1) (=10). White is slightly better.} (13. Rfd1 $5 ) 13... O-O {[%emt 0:00:17] BESTDEEP} 14. Rad1 {[%emt 0:02:17][%cal Rb3d5] CPLX 2.5 8 (h2-h3) (=10)} Rad8 {[%emt 0:02:49] [#] CPLX 2.6 18 (Na5-c4) (=7)} 15. Bc2 $146 {[%emt 0:02:15][%cal Og5f6] CPLX 2.5 18 (Bg5xe7) (=11)} ({Predecessor:} 15. Bxe7 Nxb3 16. Qg5 Na5 17. Bf6 {1-0 (17) De Neef,J-Steinbrueck,W corr 1940}) 15... Bg4 {[%emt 0:01:43] BESTDEEP} 16. Qf4 {[%emt 0:03:12] [#] And now Bxe7 would win. CPLX 3.1 16 (Rf1-e1) (=12)} f6 $1 {[%emt 0:03:00] DEEPSTRONG} 17. e6 {[%emt 0:02:45] MISS-e5xf6 119 (e5xf6) (=27)} (17. exf6 $11 Bxf6 18. Be4) 17... Bxe6 $17 {[%emt 0:01:07] DEEPSTRONG=>BLUNDERREACT} ({Not} 17... Qxe6 18. Rfe1 fxg5 19. Rxe6 Rxf4 20. Rxe7 $15) 18. Qh4 {[%emt 0:00:24] CPLX 3.2} Bf5 {[%emt 0:00:21] EASY} 19. Bxf5 {[%emt 0:00:02] EASY} Qxf5 {[%emt 0:00:00] RECAPT} 20. Bc1 {[%emt 0:00:01] BESTDEEP} c5 {[%emt 0:00:24] Inhibits Nd4. BESTDEEP} 21. Rfe1 {[%emt 0:00:01] CPLX 2.7 12 (Qh4-f4) (=19)} Nc6 {[%emt 0:00:02] BESTDEEP} 22. h3 {[%emt 0:00:16] BESTDEEP} Rd7 {[%emt 0:00:39] BESTDEEP} 23. Qg4 {[%emt 0:00:17] CPLX 2.7 0 (Qh4-g3) (=16)} Qxg4 {[%emt 0:00:07] EASY} 24. hxg4 {[%emt 0:00:01] RECAPT} Rfd8 {[%emt 0:01:55] CPLX 2.0 2 (Kg8-f7) (=3)} 25. g5 {[%emt 0:00:05] CPLX 2.0 41 (Kg1-f1) (=16)} Kf7 {[%emt 0:00:12] CPLX 2.1 49 (d5-d4) (=5)} ({Black should play} 25... d4 26. gxf6 Bxf6) 26. gxf6 {[%emt 0:00:22] CPLX 2.2 12 (Kg1-f1) (=16)} gxf6 {[%emt 0:00:20] RECAPT} 27. Kf1 {[%emt 0:02:00] BESTDEEP} a5 {[%emt 0:01:09] Weighted Error Value: White=0.17 (very precise) /Black=0.04 (flawless)} (27... d4 $17 28. cxd4 Nxd4 29. Nxd4 Rxd4 30. Rxd4 Rxd4) 0-1

[Event "Julius Baer Generation Cup Prelims 2022"]
[Site "Online"]
[Date "2022.09.14"]
[Round "6.8"]
[White "Duda, Jan-Krzysztof"]
[Black "Gelfand, Boris"]
[Result "1-0"]
[ECO "B30"]
[WhiteElo "2731"]
[BlackElo "2668"]
[Annotator "TA"]
[PlyCount "121"]
[EventDate "2022.09.12"]
[EventType "tourn"]
[EventCountry "NET"]
[SourceTitle "playchess.com"]
[Source "ChessBase"]
[SourceQuality "1"]
[TimeControl "900+10"]

1. e4 {[%emt 0:00:00] Kritz,Leonid} c5 2. Nf3 Nc6 3. Bb5 e6 4. O-O Nge7 5. c3 a6 6. Ba4 b5 7. Bc2 Bb7 8. a4 Ng6 9. Re1 {[%emt 0:00:49] B30: Sicilian: 2...Nc6 3 Bb5, lines without ...g6.} c4 10. b4 {[%emt 0:01:17] [#]} cxb3 $146 ({Predecessor:} 10... Nce5 11. axb5 axb5 12. Rxa8 Bxa8 13. Na3 Bc6 14. Nd4 Nf4 15. Nxc6 dxc6 16. d4 cxd3 17. Bxf4 {½-½ (45) Svidler,P (2747)-Gelfand,B (2751) Tashkent 2012 CBM 152 [Kritz,Leonid]}) 11. Bxb3 {[%emt 0:00:03] The position is equal.} Be7 12. d4 b4 13. g3 (13. d5 $5 Na5 14. cxb4 Bxb4 15. Bd2 Bxd2 16. Nbxd2 $14) 13... Na5 14. Bc2 bxc3 15. h4 h6 16. d5 Bc5 (16... Rc8 $5 ) 17. h5 Ne7 (17... Qb8 $11 18. Be3 Bxe3 19. Rxe3 Ne5) 18. Be3 (18. Nxc3 $14 Rc8 19. Rb1) 18... Qc7 (18... Bxe3 $11 19. Rxe3 O-O) 19. Bxc5 $1 $14 (19. Nxc3 Rc8 $11) 19... Qxc5 20. Ra3 O-O 21. Rxc3 Qb4 22. d6 {[%emt 0:01:16] aiming for Qd3.} Nec6 23. e5 {[%emt 0:00:04] Threatens to win with Qd3.} f5 24. exf6 $1 Rxf6 25. Qd3 Rf5 {[%emt 0:00:14] [#]} 26. Nbd2 $1 {[%emt 0:01:50] Re4 is the strong threat.} Qb6 27. Rb1 {[%emt 0:00:54] Active counter play!} Nb4 $1 28. Qd4 (28. g4 $14 Nxd3 29. Rxb6) 28... Qxd4 $11 29. Nxd4 {[%emt 0:00:00] The board is on fire.} Rxh5 30. Be4 {[%emt 0:00:18] Prevents Rh1+.} Bxe4 31. Nxe4 Nac6 32. Nxc6 Nxc6 33. Rb7 Rd8 34. Rc5 Rd5 35. Rxd5 exd5 {[%emt 0:00:02][%mdl 4096] Endgame KRN-KRN} 36. Nc5 Kf7 37. f4 g5 38. Kf2 gxf4 39. gxf4 a5 40. Rc7 (40. Nxd7 Ke6 41. Nc5+ Kxd6 $17) (40. Rxd7+ $2 Rxd7 41. Nxd7 Ke6 42. Nc5+ Kxd6 $19) 40... Nd4 ({Black should try} 40... Nb8 $11) 41. Nb7 $14 {[%emt 0:00:13][%mdl 64] Deflection} (41. Nxd7 Ke6 42. Ne5 Rxd6 $11) (41. Rxd7+ Rxd7 42. Nxd7 Ke6 $11) 41... Rb8 42. Rxd7+ Kf6 43. Kg2 (43. Ke3 $5 Ne6 44. Nxa5 $14) 43... Ne6 44. Kf3 Nd4+ 45. Kg4 Rg8+ 46. Kh3 Ne6 47. Rh7 Nxf4+ 48. Kh2 $1 ({Avoid the trap} 48. Kh4 $2 h5 49. Rxh5 Nxh5 50. Kxh5 d4 $19) 48... Ne6 49. Rxh6+ Ke5 50. d7 d4 51. Rh5+ Ke4 52. Nd6+ ({Much weaker is} 52. Rxa5 d3 53. Nd6+ Kd4 54. Nf5+ Ke4 55. Nd6+ Kd4 56. Nf5+ Ke4 57. Nd6+ $11) 52... Kf3 $2 {[%emt 0:00:07][%mdl 8192] [#] Black cannot hold the game after this.} (52... Kd3 $1 $14) 53. Rf5+ $1 $18 Ke2 $2 (53... Kg4 $18 54. Re5 Rd8 55. Rxe6 Rxd7) 54. Re5+ {[%emt 0:00:06] White mates.} Kf3 55. Rxe6 {[%emt 0:00:07] KRN-KR} d3 56. Rf6+ Ke2 57. Ne8 d2 58. d8=Q d1=Q 59. Re6+ Kf2 60. Qf6+ (60. Qxd1 $2 {leads to mate.} Rh8+) 60... Qf3 61. Qb2+ {[%emt 0:00:03] Weighted Error Value: White=0.06 (flawless) /Black=0.30} 1-0

[Event "Julius Baer Generation Cup Prelims 2022"]
[Site "Online"]
[Date "2022.09.14"]
[Round "7.1"]
[White "Gelfand, Boris"]
[Black "Giri, Anish"]
[Result "1/2-1/2"]
[ECO "E11"]
[WhiteElo "2668"]
[BlackElo "2764"]
[Annotator "TA"]
[PlyCount "82"]
[EventDate "2022.09.12"]
[EventType "tourn"]
[EventCountry "NET"]
[SourceTitle "playchess.com"]
[Source "ChessBase"]
[SourceQuality "1"]
[TimeControl "900+10"]

1. d4 Nf6 2. c4 e6 3. Nf3 Bb4+ 4. Nbd2 O-O 5. a3 Be7 6. e4 d6 {[%emt 0:00:02][%cal Oe6e5] E11: Bogo-Indian.} 7. Be2 Nfd7 {[%emt 0:00:02] The modern move.} 8. Nf1 e5 {[%emt 0:00:32] White has an edge.} 9. Ng3 exd4 10. Nxd4 {[%emt 0:00:01] [#]} Nc6 $146 ({Predecessor:} 10... Re8 11. O-O Bf6 12. Rb1 a5 13. b3 Nc5 14. f3 g6 15. Be3 Nc6 16. Nb5 b6 {0-1 (33) Shinkevich,V (2466)-Gasanov,E (2505) Nizhnij Tagil 2015}) 11. Be3 Nc5 12. Nxc6 bxc6 13. b4 Ne6 14. O-O Bf6 15. Rb1 c5 {[%emt 0:00:26] [#]} (15... a5 $11 {keeps the balance.}) 16. bxc5 $1 $16 Nxc5 17. Bxc5 (17. e5 $16 Bxe5 18. f4 (18. Bf3 Bxg3 19. Bxa8 Bf5 $16)) 17... dxc5 $11 {[%emt 0:00:02] The position is equal.} 18. e5 Bxe5 19. Qxd8 Rxd8 20. Bf3 c6 $1 21. Bxc6 Rb8 22. Rxb8 Bxb8 23. Bd5 Be6 24. Bxe6 fxe6 25. Rb1 Bxg3 26. hxg3 {[%emt 0:00:04][%mdl 4096] Endgame KR-KR} Rd4 27. Rb7 a5 28. Ra7 Rxc4 {[%emt 0:00:02] Strongly threatening ...Ra4.} 29. Rxa5 Kf7 30. Ra7+ Kf6 31. a4 h5 32. a5 Ra4 33. a6 c4 34. Rc7 Rxa6 {[%emt 0:00:03] [#] And now ...Ra1+ would win.} 35. Rxc4 e5 36. f3 g6 37. Kf2 Ra2+ 38. Kg1 Ra1+ 39. Kf2 Ra2+ 40. Kg1 Ra1+ 41. Kf2 Ra2+ {[%emt 0:00:00] Weighted Error Value: White=0.03 (flawless) /Black=0.03 (flawless)} 1/2-1/2

[Event "Julius Baer Generation Cup Prelims 2022"]
[Site "Online"]
[Date "2022.09.14"]
[Round "7.2"]
[White "Yoo, Christopher Woojin"]
[Black "Duda, Jan-Krzysztof"]
[Result "0-1"]
[ECO "B15"]
[WhiteElo "2563"]
[BlackElo "2731"]
[Annotator "TA"]
[PlyCount "90"]
[EventDate "2022.09.12"]
[EventType "tourn"]
[EventCountry "NET"]
[SourceTitle "playchess.com"]
[Source "ChessBase"]
[SourceQuality "1"]
[TimeControl "900+10"]

1. e4 c6 2. d4 d5 3. Nc3 dxe4 4. Nxe4 Nf6 5. Nxf6+ exf6 6. c3 Bd6 7. Bd3 O-O 8. Qc2 Re8+ {[%emt 0:00:04] B15: Caro-Kann: 3 Nc3: 3...g6 and 3...dxe4 4 Nxe4 Nf6 5 Nxf6+ exf6.} 9. Ne2 h5 10. Be3 Nd7 {[%emt 0:00:06] White is slightly better.} 11. O-O-O h4 12. Kb1 Nf8 13. h3 Be6 14. c4 Rc8 {[%emt 0:00:04][%cal Ob7b5] [#]} 15. a3 $146 ({Predecessor:} 15. Rdg1 b5 16. c5 Bb8 17. Nc3 b4 18. Ne4 f5 19. Nd6 Bxd6 20. cxd6 Qxd6 21. Bxf5 {½-½ (45) Saric,I (2669)-Howell,D (2676) Riadh 2017}) 15... g6 16. Nc3 f5 17. c5 Be7 18. Be2 Nd7 19. Bf3 b6 {[%emt 0:00:05] [#]} (19... Nf6 $11) 20. Qa4 $2 (20. Bxc6 $1 $14 {keeps the upper hand.} Rxc6 21. d5 Bxd5 22. Nxd5) 20... Qc7 (20... bxc5 $17 21. dxc5 (21. Qxa7 $2 Ra8 $17) (21. Bxc6 Nb6 $17) 21... Qc7) 21. d5 cxd5 22. c6 Nf6 23. Be2 $1 Qxc6 24. Bb5 {[%emt 0:00:06] [#]} Qa8 25. Bxe8 Nxe8 26. Nb5 {[%emt 0:00:20] [#]} (26. Qf4 $1 $11) 26... d4 $1 $17 27. Rxd4 (27. Nxd4 $2 Rc4 28. Qb5 Qe4+ 29. Ka1 Nc7 $19) 27... a6 (27... Qxg2 28. Re1 $15) 28. Nc3 b5 ({Black should try} 28... Qxg2 29. Rhd1 Bf6) 29. Qd1 Bf6 {[%emt 0:01:31][%mdl 1024] Black has compensation.} 30. f3 Qb7 (30... Bxd4 $6 31. Qxd4 Rc4 32. Qe5 $15) 31. Rd3 (31. Qe2 $15) 31... a5 $2 ({Better is} 31... b4 $19 32. axb4 Qxb4) 32. Nd5 $14 Bg7 33. Bg5 (33. Nf4 $16) 33... Kh7 $11 34. Re1 $1 b4 {[%emt 0:00:07] And now ...bxa3 would win.} 35. a4 {[%emt 0:00:01] aiming for Nf4.} ({Don't play} 35. Qb3 Nc7 36. Nf6+ Bxf6 37. Rxe6 Nxe6 $17) 35... b3 {[%emt 0:00:07] The board is on fire.} 36. Nc3 ({But not} 36. Bxh4 Bxd5 37. Rxd5 Qb4 $19) (36. Re2 $11) 36... Qb4 $15 {[%emt 0:00:40][%cal Rc8c3] Strongly threatening ...Rxc3.} 37. Qd2 Rc4 (37... Bxc3 $15 38. bxc3 Qxa4) 38. Be3 $2 {[%emt 0:00:21][%mdl 8192] This costs White the game.} (38. Rd8 $11 Bxc3 39. bxc3 Qxa4 40. Qf2) 38... f4 $19 39. Bf2 Bf5 {[%emt 0:00:15][%csl LRc3,LRd3] Hoping for ...Rxc3.} 40. Rxe8 Rxc3 41. bxc3 Bxc3 42. Rb8 Bxd2 {[%emt 0:00:05] A strong pair of Bishops.} (42... Qc4 $142 43. Kc1 Bxd2+ 44. Kxd2 Qc2+ 45. Ke1 Bxd3 46. Rh8+ Kxh8 47. Bd4+ Kh7 48. g4 Qe2#) 43. Rxb4 {[%emt 0:00:01] Black is clearly winning.} Bxb4 44. Kb2 {[%emt 0:00:01] Inhibits Bc3+.} Bxd3 45. Kxb3 g5 {[%emt 0:00:01] Weighted Error Value: White=0.87/Black=0.32} 0-1